General information
- name: BNet
- type: Ladder 1vs1/FFA
- host: Battle.net
- saver: BEAR_AND
map: GnollWood
- players: 2
- length: 16:47
- speed: Fast
- version: 1.24 W3XP
- replay type:

» download(53 KB)
Players
team 1 (winner)
BEAR_AND (
yellow | 103 APM | 1724 actions | 16:47)
5 Blademaster
2 Wind Walk
3 Critical Strike
» actions
| Assign group hotkey | 4 | |
| Basic commands | 6 | |
| Build / train | 50 | |
| Enter build submenu | 40 | |
| Enter hero's abilities submenu | 5 | |
| Give item / drop item | 15 | |
| Remove unit from queue | 5 | |
| Right click | 1277 | |
| Select / deselect | 232 | |
| Select group hotkey | 5 | |
| Use ability | 84 | |
1724 total
» units
| Peon | 16 | |
| Wind Rider | 1 | |
| Troll Batrider | -3 | |
| Troll Witch Doctor | 2 | |
16 total
» upgrades
| Ranged Weapons | 2 | |
| Reinforced Defenses | 1 | |
| Witch Doctor Training | 2 | |
5 total
» buildings
| Altar of Storms | 1 | |
| Orc Burrow | 4 | |
| Voodoo Lounge | 1 | |
| War Mill | 1 | |
| Watch Tower | 22 | |
| Stronghold | 1 | |
| Fortress | 1 | |
| Beastiary | 1 | |
| Spirit Lodge | 1 | |
| Great Hall | 1 | |
34 total
» build order
00:15 Altar of Storms
00:22 Orc Burrow
00:54 Voodoo Lounge
02:11 War Mill
03:26 Watch Tower
03:29 Watch Tower
03:48 Stronghold
03:51 Watch Tower
03:54 Watch Tower
04:17 Orc Burrow
05:03 Watch Tower
05:05 Watch Tower
05:10 Orc Burrow
05:12 Orc Burrow
06:13 Fortress
06:16 Beastiary
06:35 Watch Tower
06:38 Watch Tower
07:48 Watch Tower
07:51 Watch Tower
08:16 Spirit Lodge
10:11 Great Hall
10:24 Watch Tower
11:09 Watch Tower
11:18 Watch Tower
11:50 Watch Tower
11:53 Watch Tower
12:12 Watch Tower
12:30 Watch Tower
12:54 Watch Tower
12:54 Watch Tower
12:56 Watch Tower
12:57 Watch Tower
12:58 Watch Tower
» items
| Healing Salve | 4 | |
| Lesser Clarity Potion | 3 | |
| Boots of Speed | 4 | |
| Dust of Appearance | 2 | |
| Potion of Healing | 1 | |
| Orb of Lightning | 1 | |
15 total
team 2 (loser)

»
Hot_ChocolatE (
teal | 49 APM | 817 actions | 16:45)
3 Blademaster
2 Wind Walk
1 Critical Strike
2 Shadow Hunter
1 Serpent Ward
1 Healing Wave
» actions
| Assign group hotkey | 9 | |
| Build / train | 41 | |
| Enter build submenu | 23 | |
| Enter hero's abilities submenu | 5 | |
| Give item / drop item | 1 | |
| Right click | 301 | |
| Select / deselect | 205 | |
| Select group hotkey | 170 | |
| Use ability | 62 | |
817 total
» units
» upgrades
» buildings
| Altar of Storms | 1 | |
| Orc Burrow | 6 | |
| Barracks | 1 | |
| War Mill | 1 | |
| Voodoo Lounge | 1 | |
| Watch Tower | 9 | |
| Stronghold | 1 | |
| Beastiary | 2 | |
| Great Hall | 1 | |
| Fortress | 1 | |
24 total
» build order
00:09 Altar of Storms
00:14 Orc Burrow
01:32 Barracks
02:01 Orc Burrow
02:07 War Mill
02:28 Voodoo Lounge
03:30 Watch Tower
03:57 Stronghold
05:10 Watch Tower
05:30 Orc Burrow
06:21 Beastiary
07:08 Beastiary
09:29 Orc Burrow
09:57 Watch Tower
11:16 Great Hall
12:30 Orc Burrow
13:53 Orc Burrow
14:15 Fortress
14:18 Watch Tower
15:16 Watch Tower
15:18 Watch Tower
15:22 Watch Tower
15:25 Watch Tower
15:27 Watch Tower
» items
| Staff of Teleportation | 1 | |
| Boots of Speed | 1 | |
| Healing Salve | 2 | |
| Lesser Clarity Potion | 1 | |
| Dust of Appearance | 2 | |
| Scroll of Town Portal | 1 | |
| Potion of Healing | 1 | |
| Scroll of Speed | 1 | |
10 total
Chat log
(00:27 / All) BEAR_AND: hi
(00:57 / All) BEAR_AND: hi
(01:00 / All) Hot_ChocolatE: hi
(01:03 / All) BEAR_AND: howdy
(01:19 / All) BEAR_AND: from?
(01:26 / All) Hot_ChocolatE: malaysia
(01:30 / All) BEAR_AND: yuck
(01:35 / All) Hot_ChocolatE: u?
(01:37 / All) BEAR_AND: canada
(01:44 / All) Hot_ChocolatE: i been there b4
(05:34 / All) BEAR_AND: yikes
(05:41 / All) Hot_ChocolatE: fuck u
(05:43 / All) Hot_ChocolatE: sucke my dick
(05:50 / All) BEAR_AND: what's it like being trash
(06:00 / All) Hot_ChocolatE: u t stupid
(06:07 / All) BEAR_AND: least my hero's alive
(06:43 / All) BEAR_AND: go ahead
(06:46 / All) BEAR_AND: curse me in singlish
(10:04 / All) BEAR_AND: noob
(10:09 / All) Hot_ChocolatE: as u r
(10:13 / All) BEAR_AND: 2 - 0
(11:47 / All) BEAR_AND: idiot
(12:34 / All) BEAR_AND: : - )
(13:09 / All) Hot_ChocolatE: wow
(13:12 / All) Hot_ChocolatE: u r idiat
(13:15 / All) BEAR_AND: nope sorry
(13:18 / All) BEAR_AND: "idiot"
(13:33 / All) Hot_ChocolatE: idiot
(16:10 / All) BEAR_AND: leave